Map: Rhoskallian LE

Players

Massa

  • Race: Terran Terran
  • League: Platinum
  • Spawn Location: 11:00

qqq

  • Race: Protoss Protoss
  • League: Platinum
  • Spawn Location: 12:00

Gladi - Winner!

  • Race: Terran Terran
  • League: Platinum
  • Spawn Location: 6:00

Kamel - Winner!

  • Race: Zerg Zerg
  • League: Diamond
  • Spawn Location: 5:00

VOD

Have the link to the VOD?

Description

Time

  • Played on: Sept. 27, 2020, 10:12 a.m.
  • Length: 8:07
Show
View Real Time Build Order
Export as new Build Order

Massa Terran 

Build Orders: Mech 

Get SALT Encoding   

  12  1:13  SCV  
  13  1:25  SCV  
  14  1:29  Command Center  
  14  1:33  Command Center  
  14  1:35  Supply Depot  
  14  1:38  SCV  
  15  1:57  SCV  
  16  2:04  Barracks  
  16  2:09  Refinery, SCV  
  17  2:39  Refinery  
  17  2:41  SCV  
  18  2:45  SCV x2  
  20  2:53  SCV  
  20  2:54  Reaper  
  20  2:57  SCV x2  
  24  3:01  Supply Depot  
  24  3:07  Supply Depot  
  24  3:11  SCV  
  25  3:13  SCV  
  25  3:16  SCV  
  27  3:23  SCV  
  27  3:25  SCV  
  29  3:27  Marine  
  29  3:32  SCV  
  31  3:36  SCV  
  31  3:37  SCV  
  33  3:44  SCV  
  33  3:48  SCV  
  35  3:49  SCV, Marine  
  37  3:56  SCV  
  37  3:58  Factory  
  37  4:00  SCV  
  37  4:01  Orbital Command  
  39  4:08  SCV  
  40  4:12  SCV  
  41  4:20  SCV, Engineering Bay  
  41  4:23  Reaper  
  43  4:24  SCV  
  44  4:32  Orbital Command  
  44  4:35  SCV  
  46  4:39  Orbital Command  
  46  4:44  Factory Tech Lab  
  45  4:47  SCV  
  45  4:49  Barracks  
  46  4:56  Reaper, Barracks  
  46  5:04  Orbital Command  
  46  5:23  Siege Tank  
  49  5:33  SCV x3  
  50  5:38  Marine  
  50  5:40  Marine  
  50  5:45  SCV x3  
  50  5:47  Barracks x3  
  53  5:51  Barracks  
  53  5:59  Marine  
  53  6:17  Supply Depot  
  53  6:18  Supply Depot  
  53  6:19  Supply Depot  
  53  6:21  Starport  
  53  6:25  Supply Depot  
  53  6:27  Supply Depot  
  53  6:32  Barracks  
  53  6:33  Marine x2  
  53  6:34  Barracks  
  53  6:42  Supply Depot  
  53  6:44  Supply Depot  
  46  6:50  Marine, Supply Depot  
  46  6:51  Supply Depot  
  46  6:54  Marine x3  
  41  7:04  Starport Tech Lab  
  41  7:11  SCV  
  41  7:12  Marine x3  
  41  7:14  Supply Depot  
  42  7:18  Marine x2  
  38  7:22  Banshee  
  38  7:23  SCV  
  38  7:29  Marine x2  
  42  7:30  Marine  
  42  7:35  SCV  
  42  7:36  Marine  
  41  7:38  Marine  
  41  7:39  Marine  
  41  7:41  Orbital Command  
  41  7:44  Factory  
  39  7:47  SCV, Marine x2  
  39  7:50  Factory  
Show
View Real Time Build Order
Export as new Build Order

qqq Protoss 

Build Orders: Nexus First 

Get SALT Encoding   

  12  0:27  Probe  
  13  0:39  Probe  
  14  0:43  Pylon  
  14  0:56  Nexus  
  14  0:59  Probe  
  15  1:11  Probe  
  16  1:20  Forge  
  16  1:23  Probe  
  17  1:31  Pylon  
  17  1:53  Pylon  
  17  1:59  Photon Cannon  
  17  2:01  Pylon  
  17  2:16  Photon Cannon  
  17  2:24  Pylon  
  17  2:31  Photon Cannon  
  15  2:43  Probe (Chrono Boost)  
  17  2:44  Probe (Chrono Boost)  
  17  2:54  Probe (Chrono Boost)  
  17  2:55  Probe (Chrono Boost)  
  19  2:59  Probe (Chrono Boost)  
  19  3:00  Probe (Chrono Boost)  
  19  3:02  Pylon  
  21  3:15  Probe x2, Gateway  
  23  3:27  Probe x2  
  23  3:30  Photon Cannon  
  25  3:34  Pylon  
  25  3:39  Probe x2  
  25  3:41  Assimilator  
  27  3:46  Assimilator  
  27  3:51  Probe  
  28  3:59  Probe  
  29  4:03  Probe  
  30  4:12  Probe, Cybernetics Core  
  30  4:15  Probe  
  32  4:24  Probe  
  32  4:26  Pylon  
  32  4:27  Probe, Pylon  
  34  4:36  Probe  
  34  4:37  Pylon  
  35  4:39  Probe  
  35  4:44  Assimilator  
  36  4:48  Probe, Assimilator  
  36  4:51  Probe  
  38  5:00  Photon Cannon  
  38  5:01  Probe  
  38  5:04  Probe  
  38  5:10  Photon Cannon  
  38  5:11  Pylon  
  38  5:21  Stargate  
  38  5:23  Stargate, Pylon  
  38  5:29  Photon Cannon  
  38  5:32  Stalker (Chrono Boost)  
  39  5:40  Gateway  
  39  5:41  Pylon  
  39  5:43  Probe  
  40  5:54  Stalker  
  40  5:56  Probe  
  43  6:01  Photon Cannon  
  33  6:13  Probe  
  33  6:17  Phoenix  
  36  6:18  Phoenix  
  38  6:25  Probe  
  37  6:37  Probe  
  36  6:45  Phoenix x2  
  40  7:10  Phoenix  
Show
View Real Time Build Order
Export as new Build Order

Gladi Terran - Winner!

Build Orders:  

Get SALT Encoding   

  12  0:04  SCV  
  13  0:16  SCV  
  14  0:28  SCV, Supply Depot  
  15  0:35  Refinery  
  15  0:49  SCV  
  16  0:54  Barracks  
  16  1:03  SCV  
  17  1:33  SCV  
  18  1:50  Factory, Marine  
  18  1:53  Orbital Command  
  19  1:59  Barracks  
  19  2:16  Marine  
  20  2:32  SCV  
  20  2:33  Marine  
  20  2:37  Factory Tech Lab  
  20  2:40  Supply Depot  
  18  2:44  SCV  
  19  2:55  Barracks Reactor  
  19  2:56  Marine  
  20  2:58  Siege Tank  
  20  3:01  Refinery, SCV  
  23  3:20  SCV  
  23  3:23  Barracks Tech Lab  
  24  3:39  Marine  
  25  3:43  Marine x2  
  25  3:45  SCV  
  28  3:59  Command Center  
  28  4:05  SCV  
  28  4:07  Marine x2  
  31  4:16  Supply Depot  
  31  4:38  SCV, Marine x3, Siege Tank  
  38  4:39  Supply Depot  
  38  4:55  Marine  
  39  5:00  Marine  
  40  5:15  Marine x2  
  40  5:18  Marine, Siege Tank  
  46  5:25  Supply Depot  
  46  5:33  Marine x2  
  48  5:36  Marine  
  49  5:50  Siege Tank  
  49  5:51  Marine x2  
  49  5:54  Marine  
  55  6:00  SCV x2  
  55  6:09  Marine x2  
  56  6:12  SCV, Marine  
  56  6:14  Orbital Command  
  58  6:26  Marine  
  58  6:27  Marine  
  58  6:29  Marine  
  57  6:41  Starport, Siege Tank  
  57  6:44  Marine x2  
  62  6:47  Marine  
  56  7:02  Marine x2  
  56  7:05  Marine  
  56  7:08  SCV x2  
  61  7:13  Refinery  
  61  7:19  Siege Tank  
  61  7:20  SCV x2, Marine x2  
  68  7:23  Marine  
  66  7:32  SCV x2  
  68  7:38  Marine x2  
  68  7:39  Refinery  
  70  7:49  Starport Reactor, Marine  
  70  7:50  SCV  
  69  7:51  SCV, Supply Depot  
Show
View Real Time Build Order
Export as new Build Order

Kamel Zerg - Winner!

Build Orders: Hatch First 

Get SALT Encoding   

  12  0:00  Drone  
  13  0:13  Overlord  
  13  0:18  Drone  
  14  0:31  Drone x2  
  16  0:42  Drone  
  17  0:46  Drone  
  18  1:06  Drone  
  18  1:08  Hatchery  
  19  1:11  Drone, Extractor  
  18  1:21  Spawning Pool  
  17  1:54  Drone x3  
  20  2:08  Queen  
  20  2:11  Overlord  
  22  2:20  Queen  
  22  2:21  Zergling x2  
  24  2:42  Spine Crawler  
  23  2:47  Zergling x8  
  27  3:04  Drone x3  
  28  3:05  Metabolic Boost  
  24  3:40  Overlord  
  24  3:56  Hatchery  
  24  3:58  Queen  
  26  4:04  Drone  
  26  4:07  Hatchery  
  26  4:14  Overlord x2  
  26  4:15  Drone x2  
  28  4:22  Drone  
  29  4:32  Drone  
  29  4:35  Drone  
  31  4:43  Drone x3  
  34  4:56  Hatchery  
  30  5:12  Zergling x10  
  35  5:22  Zergling x4  
  35  5:24  Queen  
  39  5:31  Zergling x2  
  40  5:42  Zergling x4  
  42  5:46  Zergling x6  
  40  6:16  Zergling x6  
  40  6:17  Zergling x12  
  47  6:21  Drone  
  45  6:41  Zergling x2  
  45  6:42  Zergling x20  
  53  6:54  Overlord x3  
  53  6:57  Drone  
  54  7:10  Overlord  
  54  7:11  Overlord x2  
  54  7:15  Zergling x2  
  54  7:16  Zergling x12  
  58  7:39  Drone x11  
  66  7:44  Overlord x3  
  66  7:47  Spore Crawler  
Tags
 
Add a new tag
Caveats
  • Supply blocks, unpowered buildings, or Contaminate may cause inaccurate times.
  • Supply counts are checked every 10 seconds.